 Dungeon Crawl Stone Soup version 0.29.1-15-g9cfb28693d (webtiles) character file.

Game seed: 12816628900082930091

6257 H0rd4k the Martial Artist (level 10, -9/100 HPs)
             Began as an Octopode Artificer on Mar 17, 2023.
             Was an Initiate of Gozag.
             Mangled by a boulder beetle (43 damage)
             ... on level 12 of the Dungeon.
             The game lasted 00:28:29 (14350 turns).

H0rd4k the Martial Artist (Octopode Artificer)     Turns: 14350, Time: 00:28:29

Health: -9/100     AC: 25    Str: 20    XL:     10   Next: 93%
Magic:  20/20      EV:  2    Int: 20    God:    Gozag
Gold:   863        SH:  5    Dex: 10    Spells: 14/23 levels left

rFire   . . .      SeeInvis +     - Unarmed
rCold   . . .      Faith    .   (no shield)
rNeg    + . .      Spirit   .   (helmet currently unavailable)
rPois   +          Reflect  +   p - amulet of Elyvilon, Shimmering {Reflect rN+ Str+2 Int+2 Dex-2 SH+5 SInv}
rElec   .          Harm     .   x - +4 ring of evasion
rCorr   .          Rampage  .   C - ring of flight
Will    .....      NoTele   +   F - +6 ring of strength
Stlth   +.........              (no ring)
HPRegen 0.26/turn               (no ring)
MPRegen 0.17/turn               (no ring)
                                (no ring)
                                (no ring)

@: brilliant, tree-form (expiring), gold aura, on berserk cooldown, slowed, very
slow
A: stationary, stasis, torment immunity, boosted hp, almost no armour,
(amphibious), 8 rings, (camouflage 1), (gelatinous body 1), (nimble swimmer 1),
(tentacles)
a: Renounce Religion, Potion Petition, Call Merchant, Bribe Branch


You were on level 12 of the Dungeon.
You worshipped Gozag.
Gozag was pleased with you.
You were a tree.
You visited 2 branches of the dungeon, and saw 13 of its levels.
You also visited: Sewer.

You collected 1426 gold pieces.
You spent 204 gold pieces at shops.
You paid 359 gold pieces to Gozag.

Inventory:

Hand Weapons
 s - the +8 trident of the Gloaming {vorpal, rF- rC+ Str+2 Dex+3}
   (You took it off a kobold on level 6 of the Dungeon)

   It inflicts extra damage upon your enemies.
   Str:       It affects your strength (+2).
   Dex:       It affects your dexterity (+3).
   rF:        It makes you vulnerable to fire.
   rC:        It protects you from cold.
 E - the +5 war axe "Moitul" {drain, rN+}
   (You bought it in a shop on level 7 of the Dungeon)

   A truly terrible weapon, it drains the life of any living foe it strikes.
   rN:        It protects you from negative energy.
Missiles
 w - 3 throwing nets
 D - 17 poisoned darts
Armour
 e - a +2 hat (melded)
 z - an orb of wrath
Magical Staves
 G - a staff of air
Jewellery
 h - an amulet of reflection
 p - the amulet of Elyvilon, Shimmering (around neck) {Reflect rN+ Str+2 Int+2 Dex-2 SH+5 SInv}
   (You took it off a centaur on level 7 of the Dungeon)

   [amulet of reflection]

   It reflects blocked missile attacks.
   Str:       It affects your strength (+2).
   Int:       It affects your intelligence (+2).
   Dex:       It affects your dexterity (-2).
   rN:        It protects you from negative energy.
   SInv:      It lets you see invisible.
   SH:        It affects your SH (+5).
 x - a +4 ring of evasion (left branch)
 C - a ring of flight (right branch)
 F - a +6 ring of strength (on tentacle)
Wands
 c - a wand of light (4)
 d - a wand of iceblast (15)
Scrolls
 a - 3 scrolls of teleportation
 g - 2 scrolls of vulnerability
 i - a scroll of enchant armour
 j - 2 scrolls of enchant weapon
 l - 2 scrolls of torment
 r - a scroll of poison {unknown}
 H - 4 scrolls of identify
 L - a scroll of immolation {unknown}
Potions
 b - a potion of ambrosia {unknown}
 f - 3 potions of curing
 k - 4 potions of might
 m - a potion of cancellation
 n - a potion of haste {unknown}
 o - a potion of lignification
 q - 6 potions of flight
 t - 3 potions of brilliance
 A - 2 potions of berserk rage
 B - a potion of degeneration {unknown}
 J - a potion of invisibility {unknown}
 K - a potion of magic {unknown}
Miscellaneous
 I - a phial of floods


   Skills:
 + Level 5.6 Fighting
 + Level 0.1 Polearms
 - Level 2.3 Dodging
 - Level 1.3 Stealth
 + Level 5.7 Shields
 - Level 8.7 Unarmed Combat
 * Level 7.1 Spellcasting
 * Level 4.5 Transmutations
 + Level 2.9 Air Magic
 * Level 2.4 Earth Magic
 + Level 4.4 Poison Magic
 - Level 3.2 Evocations


You had 14 spell levels left.
You knew the following spells:

 Your Spells              Type           Power      Damage    Failure   Level
a - Swiftness             Air            28%        N/A       9%          3
b - Passwall              Tmut/Erth      25%        N/A       3%          2
c - Spider Form           Tmut/Pois      37%        N/A       4%          3
d - Beastly Appendage     Tmut           74%        N/A       1%          1

Your spell library contained the following spells:

 Spells                   Type           Power      Damage    Failure   Level
 Wereblood                Tmut           37%        N/A       2%          2
 Magic Dart               Conj           40%        1d5       10%         1
 Slow                     Hex            40%        N/A       10%         1
 Ensorcelled Hibernation  Hex/Ice        20%        N/A       14%         2
 Searing Ray              Conj           20%        2d5       14%         2
 Confusing Touch          Hex            10%        N/A       28%         3
 Dazzling Flash           Conj/Hex       20%        N/A       28%         3
 Summon Guardian Golem    Hex/Summ       10%        N/A       28%         3
 Vampiric Draining        Necr           10%        2d6       28%         3
 Leda's Liquefaction      Hex/Erth       9%         N/A       50%         4
 Anguish                  Hex/Necr       5%         N/A       67%         4
 Fulminant Prism          Conj/Hex       5%         3d7       67%         4
 Iskenderun's Mystic Bla  Conj/Tloc      10%        2d4       67%         4
 Lee's Rapid Deconstruct  Erth           12%        3d10*     67%         5
 Statue Form              Tmut/Erth      20%        N/A       98%         6
 Starburst                Conj/Fire      5%         6d4       100%        6
 Orb of Destruction       Conj           5%         9d5       100%        7
 Spellforged Servitor     Conj/Summ      5%         N/A       100%        7


Dungeon Overview and Level Annotations

Branches:
Dungeon (12/15)            Temple (1/1) D:7            Lair (0/5) D:11
    Orc (0/2) D:11          Sewer (visited)

Altars:
Ashenzari
Cheibriados
Dithmenos
Elyvilon
Fedhas
Gozag
Hepliaklqana
Kikubaaqudgha
Makhleb
Okawaru
Qazlal
Ru
Sif Muna
Trog
Uskayaw
Vehumet
Xom
Yredelemnul
The Shining One

Shops:
D:7 *   D:9 ?   D:10 *

Annotations:
D:5 exclusion: downstairs
D:7 exclusion: downstairs
D:8 exclusion: acid dragon, Maggie
D:9 exclusion: 2 two-headed ogres
D:10 exclusions: downstairs and upstairs
D:11 exclusion: 2 oklob plants, Grum


Innate Abilities, Weirdness & Mutations

You are a tree.
Your roots penetrate the ground, keeping you stationary.
You cannot be teleported.
You are immune to unholy pain and torment.
Your maximum health is greatly increased.
You cannot wear most types of armour.
((You are amphibious.))
You can wear up to eight rings at the same time.
((Your skin changes colour to match your surroundings (Stealth+).))
((Your rubbery body absorbs attacks. (AC +1, EV +1)))
((You are camouflaged when in or above water. (Stealth+)))
((You have tentacles for arms and can constrict up to eight enemies at once.))


Message History

The unseen horror is heavily wounded.
The unseen horror hits you but does no damage.
The unseen horror is distracted by your dazzling golden aura.
You feel better.
The unseen horror is no longer distracted by gold.
The unseen horror hits you but does no damage.
Your transformation is almost over.
The unseen horror hits you.
* * * LOW HITPOINT WARNING * * *
The unseen horror hits you but does no damage.
You hit the unseen horror.
The unseen horror is heavily wounded.
The unseen horror hits you but does no damage.
The unseen horror completely misses you.
Aiming: Iceblast
Press: ? - help, Shift-Dir - straight line, f - unseen horror
Aim: an unseen horror (heavily wounded, slightly transparent)
The mass of ice explodes!
The iceblast engulfs the unseen horror.
The unseen horror is severely wounded.
You hear an angry hiss.
The unseen horror hits you but does no damage. x2
Aiming: Iceblast
Press: ? - help, Shift-Dir - straight line, f/p - unseen horror
Aim: an unseen horror (severely wounded, slightly transparent)
The mass of ice explodes!
The iceblast engulfs the unseen horror!
The unseen horror is almost dead.
The unseen horror hits you but does no damage.
The unseen horror hits you but does no damage. x2
A basilisk comes into view.
You barely miss the unseen horror.
The unseen horror is almost dead.
The unseen horror hits you but does no damage.
The boulder beetle curls into a ball and begins rolling!
Okay, then.
Unknown command.
You feel better.
The unseen horror hits you but does no damage.
The boulder beetle hits you!!!
You die...
Your body crumbles into a pile of gold.

# $ # .## ##.
#... ...#
#.#. .#.#
.##..l###...#
.........○.
#...xB#
#...♣.#
#..$..#
####### $


You could see a boulder beetle (rolling), an unseen horror (invisible) and a
basilisk.

Vanquished Creatures
  A manticore (D:11)
  2 cyclopes
  An unseen horror (D:10)
  A troll (D:9)
  A wraith (D:7)
  5 yaks
  An acid dragon (D:8)
  2 water moccasins (D:8)
  An orc warrior (D:11)
  A sky beast (D:8)
  An ogre (D:5)
  6 centaurs
  2 wolves (D:11)
  4 kobold brigands
  5 bullfrogs
  3 gnoll sergeants
  4 scorpions
  3 wights (D:6)
  A jelly (D:6)
  4 howler monkeys
  5 hounds
  Crazy Yiuf (D:2)
  An orc priest (D:8)
  A gnoll bouda (D:6)
  3 iguanas
  Ijyb (D:3)
  7 orc wizards
  Robin (D:2)
  15 gnolls
  10 adders
  4 river rats (Sewer)
  3 shadow imps
  A white imp (D:7)
  3 ufetubi
  13 dart slugs
  15 orcs
  7 ball pythons
  7 endoplasms
  8 giant cockroaches
  11 goblins
  11 hobgoblins
  A jackal (Sewer)
  A quokka (D:4)
  6 bats
  4 frilled lizards
  30 kobolds
  4 rats
223 creatures vanquished.

Vanquished Creatures (collateral kills)
  A sky beast (D:7)
  2 bullfrogs
  5 gnolls
  An endoplasm (D:3)
9 creatures vanquished.

Vanquished Creatures (others)
  A necrophage (D:6)
  A scorpion (D:7)
  An orc priest (D:7)
  An orc wizard (D:6)
  2 gnolls
6 creatures vanquished.

Grand Total: 238 creatures vanquished

Notes
Turn   | Place    | Note
-------+----------+-------------------------------------------
     0 | D:1      | H0rd4k the Octopode Artificer began the quest for the Orb.
     0 | D:1      | Reached XP level 1. HP: 13/13 MP: 1/1
    73 | D:1      | Found a faded altar of an unknown god.
   190 | D:1      | Reached XP level 2. HP: 18/18 MP: 3/3
   203 | D:1      | Reached skill level 1 in Spellcasting
   932 | D:2      | Reached XP level 3. HP: 24/24 MP: 5/5
  1188 | D:2      | Reached skill level 1 in Unarmed Combat
  1207 | D:2      | Learned a level 3 spell: Swiftness
  1251 | D:2      | Noticed Robin
  1482 | D:3      | Reached XP level 4. HP: 26/30 MP: 6/6
  1485 | D:3      | Noticed a scorpion
  1551 | D:3      | Killed a scorpion
  1552 | D:3      | Reached skill level 2 in Unarmed Combat
  1552 | D:3      | Reached XP level 5. HP: 32/35 MP: 6/8
  1672 | D:3      | Noticed Ijyb
  1685 | D:3      | Killed Ijyb
  1903 | D:3      | Found an ancient bone altar of Kikubaaqudgha.
  2001 | D:3      | Found a shimmering blue altar of Sif Muna.
  2044 | D:3      | Found an iron altar of Okawaru.
  2269 | D:3      | Found a shadowy altar of Dithmenos.
  2553 | D:4      | Found a glowing drain.
  2557 | Sewer    | Entered a sewer
  2582 | Sewer    | Reached skill level 1 in Air Magic
  2793 | Sewer    | Noticed a kobold brigand
  2799 | Sewer    | Killed a kobold brigand
  2800 | Sewer    | Reached skill level 1 in Shields
  2800 | Sewer    | Reached skill level 3 in Unarmed Combat
  2800 | Sewer    | Reached XP level 6. HP: 42/42 MP: 9/9
  2812 | Sewer    | Found a white marble altar of Elyvilon.
  2939 | D:4      | Found a glowing golden altar of the Shining One.
  3676 | D:4      | Reached skill level 4 in Unarmed Combat
  3690 | D:4      | Reached XP level 7. HP: 24/46 MP: 11/11
  3986 | D:5      | Entered Level 5 of the Dungeon
  4430 | D:5      | Reached skill level 5 in Unarmed Combat
  4973 | D:5      | Reached XP level 8. HP: 38/54 MP: 13/13
  5302 | D:6      | Reached skill level 6 in Unarmed Combat
  5619 | D:7      | Noticed a wraith
  5640 | D:7      | Killed a wraith
  5641 | D:7      | Reached skill level 7 in Unarmed Combat
  5808 | D:7      | Found a staircase to the Ecumenical Temple.
  5814 | Temple   | Entered the Ecumenical Temple
  5831 | Temple   | Became a worshipper of Gozag Ym Sagoz the Greedy
  5936 | D:6      | Reached XP level 9. HP: 37/59 MP: 15/15
  6327 | D:7      | Identified the amulet of Elyvilon, Shimmering {Reflect rN+
                  | Str+2 Int+2 Dex-2 SH+5 SInv}
  6378 | D:7      | Found Cicouru's Assorted Antiques.
  6390 | D:7      | Bought a smoking war axe for 204 gold pieces
  6390 | D:7      | Identified the +5 war axe "Moitul" {drain, rN+} (You bought
                  | it in a shop on level 7 of the Dungeon)
  6456 | D:7      | Reached skill level 8 in Unarmed Combat
  6498 | D:7      | Found a hide-covered altar of Uskayaw.
  6508 | D:7      | Noticed a +0 dagger
  6508 | D:7      | Noticed a +0 dagger
  6934 | D:8      | Found a hazy altar of Hepliaklqana.
  6937 | D:8      | Found a radiant altar of Vehumet.
  6942 | D:8      | Found a shimmering altar of Xom.
  7079 | D:9      | Noticed a two-headed ogre
  7189 | D:9      | Noticed a troll
  7196 | D:9      | Reached skill level 5 in Fighting
  7815 | D:8      | Found a basalt altar of Yredelemnul.
  7827 | D:8      | Identified the +3 leather armour "Ybboatzi" {Will++ Int+6
                  | Slay-5}
  8069 | D:8      | Reached skill level 5 in Spellcasting
  8075 | D:8      | Learned a level 2 spell: Passwall
  8079 | D:8      | Learned a level 3 spell: Spider Form
  8128 | D:8      | Learned a level 1 spell: Beastly Appendage
  8183 | D:8      | Found a blossoming altar of Fedhas.
  8241 | D:8      | Noticed Maggie
  8282 | D:8      | Reached skill level 1 in Transmutations
  8282 | D:8      | Reached skill level 1 in Poison Magic
  8385 | D:8      | Identified the +6 short sword of Ignis's Scorn {spect,
                  | rElec rC+ Int-2}
  8669 | D:8      | Reached XP level 10. HP: 66/66 MP: 13/18
  8686 | D:9      | Noticed a two-headed ogre
  8880 | D:9      | Found Biridem's Magic Scroll Boutique.
  9116 | D:9      | Reached skill level 5 in Shields
  9837 | D:2      | You are sucked into a shaft and drop 2 floors!
 10221 | D:2      | Found a runed translucent door.
 10222 | D:2      | Noticed Crazy Yiuf
 10432 | D:2      | Killed Crazy Yiuf
 11524 | D:2      | Killed Robin
 11943 | D:6      | Identified the +8 trident of the Gloaming {vorpal, rF- rC+
                  | Str+2 Dex+3}
 12597 | D:10     | Entered Level 10 of the Dungeon
 12600 | D:10     | Noticed an unseen horror
 12624 | D:10     | Killed an unseen horror
 12625 | D:10     | Reached skill level 1 in Earth Magic
 13206 | D:10     | Found a stormy altar of Qazlal.
 13247 | D:10     | Found Feepeon's Demolitions Depot.
 13315 | D:11     | Noticed a manticore
 13379 | D:11     | Killed a manticore
 13869 | D:11     | Noticed an oklob plant
 13890 | D:11     | Noticed an oklob plant
 13897 | D:11     | Found a staircase to the Orcish Mines.
 13986 | D:11     | Noticed a cyclops
 13997 | D:11     | Killed a cyclops
 13998 | D:11     | Noticed a five-headed hydra
 14235 | D:11     | Found a staircase to the Lair.
 14277 | D:11     | Noticed Grum
 14311 | D:11     | HP: 1/66 [Grum/-2 spear (14)]
 14312 | D:12     | Noticed a two-headed ogre
 14319 | D:12     | HP: 3/66 [centaur/arrow (9)]
 14323 | D:12     | Noticed a two-headed ogre
 14330 | D:12     | HP: 3/66 [two-headed ogre/+0 giant club (9)]
 14330 | D:12     | Noticed a cyclops
 14330 | D:12     | Noticed an unseen horror
 14336 | D:12     | Noticed a boulder beetle
 14338 | D:12     | Killed a cyclops
 14350 | D:12     | Mangled by a boulder beetle

Illustrated notes

Levels and vault maps discovered:
D:1:      tarquinn_simple_flora_water_d, layout_basic,
          hellmonk_ecumenical_altar_run_dry
D:2:      kennysheep_six_static_rooms, layout_loops_corners,
          chequers_serial_rivers_micro_e, uniq_robin, uniq_crazy_yiuf_cottage
D:3:      kennysheep_slugbush, layout_basic, nicolae_sif_muna_condensation,
          mainiacjoe_overflow_alcove_4, mainiacjoe_overflow_six_doors_small,
          nicolae_overflow_crystal_walls, uniq_ijyb
D:4:      layout_loops_cross, tso_metal_star, gup_sewer_entry_bowl,
          minmay_misc_feat_room
D:5:      layout_cave_pods
D:6:      layout_basic
D:7:      layout_cave_pools, dancing_weapons_uskayaw, temple_green,
          serial_column_ruins, column_ruins_square_medium,
          column_ruins_circle_large, column_ruins_open_small,
          column_ruins_columns_corner, column_ruins_grid_1, column_ruins_grid_1,
          column_ruins_open_small, serial_shops, nicolae_shop_trees
D:8:      layout_basic, grunt_temple_overflow_diamond, lemuel_tele_altar,
          mainiacjoe_overflow_alcove_1, uniq_maggie
D:9:      layout_layer_cave, nicolae_stop_n_shop_1
D:10:     layout_long_grid, grunt_qazlal_clouds, serial_glass, glass_columns_c,
          glass_columns_a, nicolae_blasting_shop
D:11:     layout_long_grid, dpeg_oklobed_lair, orc_0_dummy, uniq_grum,
          uniq_harold
D:12:     layout_loops_cross, drop_trap, minmay_starry_boxes
Temple:   eino_wide_crystal_templ

Skill      XL: |  1  2  3  4  5  6  7  8  9 10 |
---------------+-------------------------------+-----
Spellcasting   | 1 2 3 4 5 7 |  7.1
Fighting       | 2 3 4 5 |  5.6
Unarmed Combat | 1 2 3 4 5 7 8 |  8.7
Air Magic      | 1 2 |  2.9
Shields        | 1 2 4 5 |  5.7
Transmutations | 2 4 |  4.5
Poison Magic   | 2 4 |  4.4
Earth Magic    | 2 |  2.4
Polearms       | |  0.1
Dodging        | |  2.3
Stealth        | |  1.3
Evocations     | |  3.2

Action                   |  1- 3 |  4- 6 |  7- 9 | 10-12 || total
-------------------------+-------+-------+-------+-------++-------
Melee: Unarmed           |    73 |   115 |   218 |   163 ||   569
       Tentacles         |    20 |    34 |    53 |    20 ||   127
       Constrict         |    18 |    29 |    49 |    18 ||   114
       Punch             |     2 |     3 |    15 |     4 ||    24
       Kick              |       |       |     3 |       ||     3
       Trident           |       |       |       |     4 ||     4
 Cast: Spider Form       |       |       |     2 |    12 ||    14
       Swiftness         |       |       |     1 |     2 ||     3
       Beastly Appendage |       |       |     1 |       ||     1
       Passwall          |       |       |       |     2 ||     2
Invok: Potion Petition   |       |       |       |     1 ||     1
Evoke: Wand              |       |     8 |    27 |     5 ||    40
  Use: Potion            |       |       |     2 |     8 ||    10
       Scroll            |       |       |     7 |     8 ||    15
 Stab: Sleeping          |     9 |     6 |     3 |     5 ||    23
       Invisible         |       |       |     2 |       ||     2
       Distracted        |       |       |     1 |     3 ||     4
Armor: Skin              |    16 |     5 |    18 |    29 ||    68
Dodge: Dodged            |    61 |    62 |   157 |   131 ||   411
Block: Other             |    11 |    16 |    59 |    38 ||   124
       Reflection        |       |     2 |     7 |     8 ||    17
